 Dungeon Crawl Stone Soup version 0.25.1-8-g42b30a86e7 (webtiles) character file.

Game seed: 14735630648430320397

4040 Destapler the Conjurer (level 10, -13/83 HPs)
             Began as a Red Draconian Conjurer on Dec 27, 2020.
             Was a Believer of Vehumet.
             Mangled by Harold
             ... wielding a +0 battleaxe
              (23 damage)
             ... on level 8 of the Dungeon.
             The game lasted 00:42:38 (9076 turns).

Destapler the Conjurer (Red Draconian Conjurer)     Turns: 9076, Time: 00:42:39

Health: -13/83     AC:  8    Str: 10    XL:     10   Next: 4%
Magic:  3/17       EV: 16    Int: 19    God:    Vehumet [**....]
Gold:   327        SH:  0    Dex: 18    Spells: 15/19 levels left

rFire    + . .     SeeInvis .   D - +4 scimitar (elec)
rCold    . . .     Gourm    .   (no shield)
rNeg     . . .     Faith    .   (armour unavailable)
rPois    .         Spirit   .   (helmet restricted)
rElec    .         Reflect  .   (no cloak)
rCorr    .         Harm     .   G - +0 pair of gloves
MR       .....                  (no boots)
Stlth    +++.......             g - amulet of regeneration
HPRegen  0.63/turn              i - +6 ring of dexterity
MPRegen  0.15/turn              q - ring of wizardry

@: marked, studying Bows
A: breathe fire, unfitting armour, fire resistance 1, cold-blooded, AC +7
a: Breathe Fire, Renounce Religion


You were on level 8 of the Dungeon.
You worshipped Vehumet.
Vehumet was pleased with you.
You were not hungry.

You visited 2 branches of the dungeon, and saw 9 of its levels.
You also visited: Sewer.

You collected 372 gold pieces.
You spent 45 gold pieces at shops.

Inventory:

Hand Weapons
 r - a +2 dagger of venom
 D - a +4 scimitar of electrocution (weapon)
Missiles
 l - 39 poisoned darts
 m - 11 javelins
 I - 4 boomerangs
 M - 4 atropa-tipped darts (quivered)
Armour
 B - the +1 robe of Nohya {+Blink Str+7 Dex+3, unknown}
   (You found it on level 8 of the Dungeon)

   It affects your strength (+7).
   It affects your dexterity (+3).
   It lets you blink.
 G - a +0 pair of gloves (worn)
Jewellery
 g - an amulet of regeneration (around neck)
 i - a +6 ring of dexterity (left hand)
 q - a ring of wizardry (right hand)
 s - a +6 ring of strength
 y - an uncursed ring of wizardry
Wands
 d - a wand of clouds (4)
 v - a wand of digging (7)
 w - a wand of polymorph (3)
 C - a wand of enslavement (14)
Scrolls
 c - 4 scrolls of identify
 f - 3 scrolls of remove curse
 j - 4 scrolls of teleportation
 p - 3 scrolls of amnesia
 u - 2 scrolls of blinking
 z - a scroll of fog
 A - 2 scrolls of immolation
 E - 2 scrolls of fear {unknown}
 F - 2 scrolls of magic mapping
 J - a scroll of enchant weapon {unknown}
Potions
 a - 2 potions of invisibility
 e - 2 potions of haste
 h - a potion of degeneration {unknown}
 k - 8 potions of curing
 n - a potion of might {unknown}
 o - 2 potions of ambrosia {unknown}
 t - 2 potions of heal wounds
 x - a potion of stabbing {unknown}
 H - 2 potions of lignification {unknown}
 K - a potion of mutation {unknown}
Books
 L - a manual of Bows
Comestibles
 b - 15 rations
 N - 5 chunks of flesh


   Skills:
 - Level 6.0 Fighting
 + Level 3.3 Long Blades
   Level 2.0 Polearms
 + Level 5.2 Throwing
 + Level 5.3 Dodging
 - Level 5.0 Stealth
 - Level 5.0 Spellcasting
 - Level 7.0 Conjurations
 + Level 3.4 Air Magic


You had 15 spell levels left.
You knew the following spells:

 Your Spells              Type           Power        Failure   Level  Hunger
a - Magic Dart            Conj           ####         1%          1    None
b - Searing Ray           Conj           ####..       1%          2    #......
c - Shock                 Conj/Air       ###.         1%          1    None

Your spell library contained the following spells:

 Spells                   Type           Power        Failure   Level  Hunger
 Freeze                   Ice            #...         4%          1    None
 Dazzling Flash           Conj/Hex       ###...       3%          3    ##.....
 Fulminant Prism          Conj/Hex       ###.......   12%         4    ####...
 Iskenderun's Mystic Bla  Conj/Tloc      ###.....     12%         4    ####...


Dungeon Overview and Level Annotations

Branches:
Dungeon (8/15)             Temple (1/1) D:5           Sewer (visited)
   Lair: D:8-11

Altars:
Ashenzari
Cheibriados
Dithmenos
Elyvilon
Fedhas
Gozag
Hepliaklqana
Kikubaaqudgha
Makhleb
Nemelex Xobeh
Okawaru
Qazlal
Ru
Sif Muna
Trog
Uskayaw
Vehumet
Wu Jian
Xom
Zin
The Shining One

Shops:
D:4 %   D:6 *

Annotations:
D:8 Harold


Innate Abilities, Weirdness & Mutations

You can breathe blasts of fire.
Your fiery red scales are hard. (AC +7)
You cannot fit into any form of body armour.
Your flesh is heat resistant. (rF+)
You are cold-blooded and may be slowed by cold attacks.


Message History

Unknown command.
The searing ray hits Harold but does no damage.
Harold is lightly wounded.
You finish channeling your searing ray.
Harold gestures at you while chanting. A sentinel's mark forms upon you.
Throwing (i - inventory. (/) - cycle)
M - 5 atropa-tipped darts (quivered)
Press: ? - help, Shift-Dir - straight line, f/p - Harold
Aim: Harold, wielding a +0 battleaxe, wearing a +0 chain mail and quivering 3 throwing nets (lightly wounded, chance to blind on hit: 38%)
You throw an atropa-tipped dart. The atropa-tipped dart hits Harold.
Harold appears confused.
Harold is lightly wounded.
You are too injured to fight recklessly!
You are too injured to fight recklessly!
You are too injured to fight recklessly!
You catch the helpless Harold completely off-guard!
You hit Harold but do no damage.
Harold is lightly wounded.
Harold seems less confused.
Harold hits you with a +0 battleaxe!!
You die...

#####
#...###################
#....@@................
#####...########..####[####
........### ##.##.....##
###...#...# #.#.......#
#.#####@# #.#.......# #
#...# #....._.... #..##
#.#...รท...# ...@
#.#.......# ##.#.
#.##.....##


You could see Harold (blind).

Vanquished Creatures
  Psyche (D:8)
  A troll (D:8)
  Grinder (D:4)
  2 hippogriffs (D:7)
  A hungry ghost (D:8)
  2 ice beasts (D:6)
  2 orc warriors
  A sky beast (D:6)
  A necrophage (D:6)
  3 phantoms
  3 ogres
  2 centaurs
  3 bullfrogs
  3 big kobolds
  3 scorpions
  A killer bee (D:7)
  A howler monkey (D:6)
  A crimson imp (D:5)
  A bullfrog zombie (D:7)
  A centaur zombie (D:8)
  A centaur skeleton (D:7)
  2 hounds
  2 orc wizards (D:6)
  2 orc priests
  Ijyb (D:4)
  2 iguanas
  6 worker ants
  2 hound skeletons (D:4)
  A worker ant zombie (D:4)
  Robin (D:4)
  15 adders
  7 gnolls
  2 river rats (Sewer)
  A shadow imp (D:5)
  6 oozes (Sewer)
  6 worms
  5 leopard geckos
  16 orcs
  7 bats
  5 giant cockroaches
  11 goblins
  5 hobgoblins
  18 jackals
  13 kobolds
  5 quokkas
  6 ball pythons
  8 frilled lizards
  A giant cockroach zombie (D:5)
  A jackal skeleton (D:4)
  5 rats
197 creatures vanquished.

Notes
Turn   | Place    | Note
-------+----------+-------------------------------------------
     0 | D:1      | Destapler the Draconian Conjurer began the quest for the
                  | Orb.
     0 | D:1      | Reached XP level 1. HP: 14/14 MP: 3/3
   342 | D:1      | Reached XP level 2. HP: 20/20 MP: 3/5
  1132 | D:2      | Reached skill level 1 in Throwing
  1132 | D:2      | Reached XP level 3. HP: 27/27 MP: 2/6
  1185 | D:2      | Learned a level 2 spell: Searing Ray
  1388 | D:2      | Reached skill level 1 in Polearms
  1437 | D:2      | Reached skill level 1 in Fighting
  1796 | D:2      | Reached XP level 4. HP: 35/35 MP: 4/7
  1960 | D:3      | Found a snail-covered altar of Cheibriados.
  2332 | D:3      | Reached XP level 5. HP: 38/40 MP: 4/8
  2442 | D:3      | Found a sparkling altar of Nemelex Xobeh.
  2804 | D:4      | Noticed Robin
  2804 | D:4      | Noticed Ijyb
  2865 | D:4      | Killed Ijyb
  2874 | D:4      | Killed Robin
  3121 | D:4      | Reached XP level 6. HP: 48/48 MP: 1/10
  3255 | D:4      | Found Hiqodgho's Food Boutique.
  3375 | D:4      | Found a stormy altar of Qazlal.
  3465 | D:4      | Noticed Grinder
  3489 | D:4      | Killed Grinder
  3570 | D:4      | Your scales start taking on a fiery red colour.
  3570 | D:4      | Reached XP level 7. HP: 53/56 MP: 0/11
  3570 | D:4      | Gained mutation: Your flesh is heat resistant. (rF+) [Red
                  | Draconian growth]
  3907 | D:4      | Found a sacrificial altar of Ru.
  4312 | D:5      | Entered Level 5 of the Dungeon
  4537 | D:5      | Reached skill level 5 in Conjurations
  4715 | D:5      | Found a staircase to the Ecumenical Temple.
  4743 | Temple   | Entered the Ecumenical Temple
  4938 | Temple   | Became a worshipper of Vehumet
  5048 | D:5      | Found a burning altar of Makhleb.
  5189 | D:5      | Found a shadowy altar of Dithmenos.
  5301 | D:5      | Found a sparkling altar of Nemelex Xobeh.
  5302 | D:5      | Found an opulent altar of Gozag.
  5385 | D:5      | Reached XP level 8. HP: 52/66 MP: 6/13
  5613 | D:6      | Found an ornate altar of the Wu Jian Council.
  5671 | D:6      | HP: 3/66 [something (5)]
  5893 | D:6      | Found a glowing drain.
  5902 | Sewer    | Entered a sewer
  6451 | Sewer    | Reached * piety under Vehumet
  6451 | Sewer    | Offered knowledge of Shock by Vehumet.
  6585 | Sewer    | Learned a level 1 spell: Shock
  7046 | D:6      | Reached skill level 6 in Conjurations
  7077 | D:6      | Found Cajoxel's General Store.
  7085 | D:6      | Bought a scroll of magic mapping for 45 gold pieces
  7325 | D:6      | Reached skill level 5 in Fighting
  7325 | D:6      | Reached skill level 5 in Stealth
  7561 | D:6      | Reached XP level 9. HP: 73/74 MP: 12/16
  7653 | D:7      | Reached skill level 5 in Spellcasting
  7663 | D:7      | Reached skill level 1 in Long Blades
  7663 | D:7      | Reached skill level 1 in Air Magic
  7827 | D:7      | Reached ** piety under Vehumet
  7832 | D:7      | Offered knowledge of Freeze by Vehumet.
  8540 | D:8      | Reached skill level 7 in Conjurations
  8571 | D:8      | Noticed Psyche
  8581 | D:8      | Killed Psyche
  8581 | D:8      | Reached skill level 5 in Dodging
  8585 | D:8      | Reached skill level 5 in Throwing
  8667 | D:8      | Got a creamy pearl robe
  8805 | D:8      | Found a blossoming altar of Fedhas.
  8934 | D:8      | Found a shimmering blue altar of Sif Muna.
  9053 | D:8      | Noticed a troll
  9062 | D:8      | Noticed Harold
  9072 | D:8      | Killed a troll
  9072 | D:8      | Reached XP level 10. HP: 7/83 MP: 5/17
  9076 | D:8      | Mangled by Harold

Illustrated notes

Levels and vault maps discovered:
D:1:      psy_arrival_dodecagon, layout_loops_corners
D:2:      layout_rooms
D:3:      layout_basic, lemuel_crystal_altar, nemelex_spade_bored_becter
D:4:      layout_rooms, kennysheep_mini, nicolae_qazlal_general_emergency,
          serial_rivers, chequers_serial_rivers_room_a,
          chequers_serial_rivers_small_a, chequers_serial_rivers_large_a,
          chequers_serial_rivers_room_b, chequers_serial_rivers_small_a,
          chequers_serial_rivers_room_a, serial_shops, shop,
          serial_bayou_lagoon_a, mrwooster_statue_mirror, uniq_grinder,
          uniq_robin, uniq_ijyb
D:5:      layout_basic, grunt_dithmenos_shadows, grunt_temple_overflow_opulence,
          overflow_temple_1_default, minmay_temple_entry_mist, first_ration
D:6:      layout_gridville, old_standard_altar, portal_sewer_entry_d,
          serial_shops, nicolae_shop_waterfront
D:7:      layout_basic, minmay_manual_moon
D:8:      layout_loops_ring, lemuel_coloured_pillars_altar, old_standard_altar,
          uniq_psyche, uniq_harold
Temple:   minmay_temple_curvy_loop

Skill      XL: |  1  2  3  4  5  6  7  8  9 |
---------------+----------------------------+-----
Stealth        | 2 3 5 |  5.0
Dodging        | 2 3 4 5 |  5.3
Throwing       | 1 2 3 4 5 |  5.2
Polearms       | 1 2 |  2.0
Fighting       | 1 2 3 5 6 |  6.0
Spellcasting   | 3 4 5 |  5.0
Conjurations   | 5 6 7 |  7.0
Long Blades    | 3 |  3.3
Air Magic      | 3 |  3.4

Action                   |  1- 3 |  4- 6 |  7- 9 | 10-12 || total
-------------------------+-------+-------+-------+-------++-------
Melee: Spear             |    66 |    21 |       |       ||    87
       Tailslap          |     1 |     5 |    19 |       ||    25
       Dagger            |       |    51 |    40 |       ||    91
       Scimitar          |       |       |    87 |     1 ||    88
Throw: Dart              |     4 |     3 |     6 |     1 ||    14
       Javelin           |       |     2 |     9 |       ||    11
       Boomerang         |       |       |     6 |       ||     6
 Cast: Magic Dart        |    61 |    63 |   225 |       ||   349
       Searing Ray       |     1 |     8 |    13 |       ||    22
       Shock             |       |       |     6 |       ||     6
 Abil: Breathe Fire      |       |       |     4 |       ||     4
  Use: Scroll            |     6 |     1 |     1 |       ||     8
       Potion            |       |     1 |     2 |       ||     3
 Stab: Sleeping          |     9 |     1 |     6 |       ||    16
       Invisible         |       |       |       |     1 ||     1
  Eat: Chunk             |     4 |     6 |    19 |       ||    29
Armor: Skin              |    15 |    33 |    46 |       ||    94
Dodge: Dodged            |    21 |    77 |   154 |     1 ||   253
       Rpst.: Scimitar   |       |       |    28 |       ||    28
